 Dungeon Crawl Stone Soup version 0.16-a0-2296-gdce89d5 (webtiles) character file.

338 PolkaDot the Caller (level 6, 0/46 HPs)
             Began as a Vampire Summoner on Nov 16, 2014.
             Slain by a centaur (3 damage)
             ... on level 4 of the Dungeon.
             The game lasted 00:14:49 (4081 turns).

PolkaDot the Caller (Vampire Summoner)              Turns: 4081, Time: 00:14:51

Health: 0/46       AC:  6    Str:  7    XL:     6   Next: 29%
Magic:  1/10       EV: 10    Int: 21    God:
Gold:   156        SH:  0    Dex: 14    Spells: 3 memorised, 3 levels left

rFire  + . .     SeeInvis +     d - +0 mace "Schoes" {venom, rPois rF+} (curse)
rCold  . . .     Clarity  +     h - +0 leather armour
rNeg   + . .     SustAb   .     (no shield)
rPois  +         Gourm    .     (no helmet)
rElec  .         Spirit   .     m - +0 cloak
rCorr  .         Warding  .     (no gloves)
rMut   .         Stasis   .     (no boots)
MR     +....                    o - amulet of clarity
Stlth  ++........               (no ring)
                                i - ring of protection from magic

@: somewhat resistant to hostile enchantments, unstealthy
A: bottle blood, fangs 3, thin metallic scales 1, see invisible, clever 1,
unbreathing
a: Bat Form


You were on level 4 of the Dungeon.
You were not thirsty.

You visited 1 branch of the dungeon, and saw 4 of its levels.

You collected 156 gold pieces.

Inventory:

Hand weapons
 d - the cursed +0 mace "Schoes" (weapon) {venom, rPois rF+}
   (You found it on level 4 of the Dungeon)

   It poisons the flesh of those it strikes.
   It protects you from fire.
   It protects you from poison.
   It has a curse placed upon it.
Armour
 h - a +0 leather armour (worn)
 m - a +0 cloak (worn)
Jewellery
 i - a ring of protection from magic (left hand)
 n - an uncursed ring of teleportation
 o - an amulet of clarity (around neck)
Scrolls
 a - a scroll of teleportation
 e - 2 scrolls of amnesia
 g - a scroll of recharging
 j - 3 scrolls of remove curse
Potions
 c - a potion of flight {unknown}
Books
 b - a book of Callings

   Spells                             Type                      Level
   *Summon Small Mammal               Summoning                    1
   *Call Imp                          Summoning                    2
   *Call Canine Familiar              Summoning                    3
   Summon Guardian Golem              Hexes/Summoning              4
   Summon Lightning Spire             Summoning/Air                4
   Summon Ice Beast                   Ice/Summoning                4


   Skills:
 + Level 2.6 Fighting
   Level 1.2 Short Blades
 - Level 1.0 Maces & Flails
 - Level 2.1 Dodging
 - Level 3.0 Stealth
 - Level 2.0 Spellcasting
 * Level 6.0 Summonings
 + Level 2.2 Evocations


You had 3 spell levels left.
You knew the following spells:

 Your Spells              Type           Power        Failure   Level  Hunger
a - Summon Small Mammal   Summ           ####         1%          1    #......
d - Call Canine Familiar  Summ           ####....     3%          3    ###....
s - Call Imp              Summ           ####....     1%          2    ##.....


Dungeon Overview and Level Annotations

Branches:
Dungeon (4/15)
 Temple: D:4-7

Altars:
Ashenzari
Qazlal

Annotations:
D:4 flegu's ghost, experienced OgBe


Innate Abilities, Weirdness & Mutations

You can bottle blood from corpses.
You have razor-sharp teeth.
You have supernaturally acute eyesight.
You can survive without breathing.
You are partially covered in thin metallic scales (AC +2).
Your mind is acute. (Int +2)


Message History

The centaur hits you.
* * * LOW HITPOINT WARNING * * *
Your hound barely misses the centaur.
Your bat misses the centaur. You barely miss the centaur.
You bite the centaur, but do no damage.
The centaur is heavily wounded.
Your bat hits the centaur but does no damage.
The centaur barely misses you.
Your hound bites the centaur.
Your rat bites the centaur but does no damage.
Your quokka closely misses the centaur.
The centaur hits your rat!
Your rat dies!
Your rat's corpse disappears in a puff of smoke!
Your hound bites the centaur but does no damage.
You hit the centaur.
The centaur is poisoned.
The centaur is severely wounded.
Your bat hits the centaur but does no damage.
The centaur hits you.
* * * LOW HITPOINT WARNING * * *
Your quokka bites the centaur but does no damage.
The centaur hits you.
You die...

....[.....####....
...................
..........####....
..........####.#####
..........[........#
..###........[.....####
.....#.................
.....#............$## ..
#........((@55###
............rch......
#.....####.5...#### .......#
#b....#
.......####.....#######
.........##...........#
..........##...........#######
..........#...............[...
...###.#.W#............#######


You could see a centaur, a friendly hound, a friendly crimson imp, 2 friendly
white imps, a friendly quokka and a friendly bat.

Vanquished Creatures
  An ogre (D:3)
  A phantom (D:4)
  A crimson imp (D:3)
  A worker ant (D:3)
  Ijyb (D:3)
  An adder (D:3)
  3 giant geckos
  2 orcs (D:3)
  5 bats
  5 giant cockroaches
  4 hobgoblins
  2 jackals (D:1)
  2 ball pythons (D:2)
  3 giant newts
  10 goblins
  4 kobolds
  6 rats
52 creatures vanquished.

Vanquished Creatures (collateral kills)
  An ogre (D:4)
  A giant frog skeleton (D:4)
  4 adders
  A worm (D:2)
  2 bats (D:2)
  6 goblins
  A hobgoblin (D:1)
  A jackal (D:1)
  2 kobolds (D:1)
  A quokka (D:2)
20 creatures vanquished.

Vanquished Creatures (others)
  A crimson imp (D:4)
  4 hounds
  2 shadow imps (D:4)
  A quokka (D:1)
  3 rats
11 creatures vanquished.

Grand Total: 83 creatures vanquished

Notes
Turn   | Place    | Note
--------------------------------------------------------------
     0 | D:1      | PolkaDot, the Vampire Summoner, began the quest for the Orb.
     0 | D:1      | Reached XP level 1. HP: 13/13 MP: 3/3
   220 | D:1      | Reached skill level 1 in Fighting
   225 | D:1      | Reached XP level 2. HP: 7/21 MP: 2/4
   544 | D:1      | Learned a level 2 spell: Call Imp
  1171 | D:2      | Reached skill level 1 in Short Blades
  1171 | D:2      | Reached XP level 3. HP: 9/26 MP: 0/6
  1338 | D:2      | Learned a level 3 spell: Call Canine Familiar
  1474 | D:2      | Found a shattered altar of Ashenzari.
  2214 | D:3      | Noticed an ogre
  2235 | D:3      | Found a stormy altar of Qazlal.
  2328 | D:3      | Killed an ogre
  2328 | D:3      | Reached skill level 5 in Summonings
  2328 | D:3      | Reached skill level 1 in Evocations
  2328 | D:3      | Reached XP level 4. HP: 23/33 MP: 0/7
  2711 | D:3      | Noticed Ijyb
  2761 | D:3      | Killed Ijyb
  2761 | D:3      | Reached XP level 5. HP: 29/38 MP: 2/9
  2986 | D:3      | HP: 1/39 [poisoned by a worker ant]
  3232 | D:4      | Noticed an ogre
  3250 | D:4      | Got a shimmering mace
  3251 | D:4      | Identified the cursed +0 mace "Schoes" {venom, rPois rF+} (You found it on level 4 of the Dungeon)
  3272 | D:4      | Killed an ogre
  3272 | D:4      | Reached skill level 1 in Maces & Flails
  3473 | D:4      | Noticed flegu's ghost (experienced OgBe)
  3473 | D:4      | Gained mutation: You are partially covered in thin metallic scales (AC +2). [potion of mutation]
  3473 | D:4      | Gained mutation: Your mind is acute. (Int +2) [potion of mutation]
  3729 | D:4      | Reached XP level 6. HP: 14/46 MP: 4/10
  3946 | D:4      | Noticed a phantom
  3980 | D:4      | Killed a phantom
  3980 | D:4      | Reached skill level 6 in Summonings
  4081 | D:4      | Slain by a centaur

Action                   |  1- 3 |  4- 6 || total
-------------------------+-------+-------++-------
Melee: Dagger            |   159 |   103 ||   262
       Unarmed           |     8 |       ||     8
       Mace              |       |    27 ||    27
 Cast: Summon Small Mamm |     7 |     3 ||    10
       Call Imp          |     9 |    14 ||    23
       Call Canine Famil |     3 |    10 ||    13
  Use: Potion            |     1 |     5 ||     6
       Scroll            |     1 |     9 ||    10
 Stab: Distracted        |     1 |       ||     1
       Sleeping          |     3 |     4 ||     7
  Eat: Corpse            |    13 |     7 ||    20
